 Dungeon Crawl Stone Soup version 0.29.1-1-gd02db6906a (webtiles) character file.

Game seed: 8581605262217600042

124 RascalDebosk the Conjurer (level 4, 0/24 HPs)
             Began as a Deep Elf Conjurer on Oct 7, 2022.
             Slain by a ball python (2 damage)
             ... on level 3 of the Dungeon.
             The game lasted 00:14:35 (2351 turns).

RascalDebosk the Conjurer (Deep Elf Conjurer)       Turns: 2351, Time: 00:14:36

Health: 0/24       AC:  2    Str:  4    XL:     4   Next: 81%
Magic:  1/12       EV: 13    Int: 25    God:
Gold:   49         SH:  5    Dex: 13    Spells: 1/11 levels left

rFire   . . .      SeeInvis .   s - +0 dagger
rCold   . . .      Faith    .   (no shield)
rNeg    . . .      Spirit   .   j - +0 robe
rPois   .          Reflect  +   (no helmet)
rElec   .          Harm     .   (no cloak)
rCorr   .          Rampage  .   (no gloves)
Will    .....                   (no boots)
Stlth   ++........              e - amulet of reflection
HPRegen 0.08/turn               (no ring)
MPRegen 0.13/turn               (no ring)

@: no status effects
A: no striking features
a: no special abilities


You were on level 3 of the Dungeon.
You visited 1 branch of the dungeon, and saw 3 of its levels.

You collected 49 gold pieces.

Inventory:

Hand Weapons
 s - a +0 dagger (weapon)
Armour
 j - a +0 robe (worn)
Jewellery
 a - an amulet of the acrobat
 e - an amulet of reflection (around neck)
Scrolls
 c - a scroll of noise {unknown}
 g - 5 scrolls of teleportation {unknown}
 h - a scroll of poison {unknown}
 i - 2 scrolls of identify {unknown}
Potions
 b - a potion of magic
 d - 2 potions of attraction {unknown}
 f - 2 potions of might {unknown}


   Skills:
 + Level 3.2 Dodging
 + Level 3.5 Stealth
 + Level 4.0 Spellcasting
 + Level 4.8 Conjurations
 + Level 2.1 Hexes
 + Level 1.7 Translocations


You had one spell level left.
You knew the following spells:

 Your Spells              Type           Power      Damage    Failure   Level
a - Magic Dart            Conj           100%       1d8       1%          1
b - Searing Ray           Conj           58%        2d6       1%          2
c - Dazzling Flash        Conj/Hex       44%        N/A       6%          3
d - Fulminant Prism       Conj/Hex       11%        3d9       22%         4

Your spell library contained the following spells:

 Spells                   Type           Power      Damage    Failure   Level
 Ensorcelled Hibernation  Hex/Ice        20%        N/A       9%          2
 Iskenderun's Mystic Bla  Conj/Tloc      21%        2d6       24%         4
 Spider Form              Tmut/Pois      5%         N/A       26%         3
 Anguish                  Hex/Necr       5%         N/A       52%         4


Dungeon Overview and Level Annotations

Branches:
Dungeon (3/15)

Altars:
Makhleb


Message History

Press: ? - help, Dir - move target You miscast Fulminant Prism.
You are very lightly contaminated with residual magic.
Nothing appears to happen.
Casting: Fulminant Prism (astonishingly dangerous; 22% risk of failure)
Confirm with . or Enter, or press ? or * to list all spells.
The spell is astonishingly dangerous to miscast (22% risk of failure)!
Continue anyway?
Aiming: Fulminant Prism (astonishingly dangerous; 22% risk of failure)
Press: ? - help, Dir - move target You conjure a prism of explosive energy!
* * * LOW MAGIC WARNING * * *
A fulminant prism comes into view.
The frilled lizard hisses angrily.
The kobold throws a stone.
The stone barely misses you.
Aiming: Magic Dart (safe; 1% risk of failure)
Press: ? - help, Q - select action, (/) - cycle Shift-Dir - straight line, f - frilled lizard
Aim: a frilled lizard (100% to hit)
The magic dart hits the frilled lizard!
You kill the frilled lizard!
* * * LOW MAGIC WARNING * * *
A ball python comes into view.
Your fulminant prism crackles loudly.
The kobold barely misses you. You block the phantom's attack.
Aiming: Magic Dart (safe; 1% risk of failure)
Press: ? - help, Q - select action, (/) - cycle Shift-Dir - straight line, f - kobold
Aim: a kobold, wielding a +0 dagger of protection (ally target, 100% to hit)
The magic dart hits the kobold.
You kill the kobold!
* * * LOW MAGIC WARNING * * *
Your fulminant prism explodes!
The blast of energy engulfs the phantom!
The phantom is heavily damaged.
The phantom hits you.
You hear an angry hiss. x2
Aiming: Magic Dart (safe; 1% risk of failure)
Press: ? - help, Q - select action, (/) - cycle Shift-Dir - straight line, f - phantom
Aim: a phantom (heavily damaged, 100% to hit)
The magic dart hits the phantom but does no damage.
The phantom is heavily damaged.
* * * LOW MAGIC WARNING * * *
The phantom barely misses you.
Aiming: Magic Dart (safe; 1% risk of failure)
Press: ? - help, Q - select action, (/) - cycle Shift-Dir - straight line, f/p - phantom
Aim: a phantom (moderately damaged, 100% to hit)
The magic dart hits the phantom.
The phantom is heavily damaged.
* * * LOW MAGIC WARNING * * *
An ufetubus comes into view.
The phantom hits you.
The phantom blinks!
You blink.
A dart slug comes into view.
The ufetubus moves out of view.
You hit the phantom.
The phantom is severely damaged.
The phantom misses you.
You closely miss the phantom.
The phantom is severely damaged.
The phantom hits you.
* * * LOW HITPOINT WARNING * * *
Your magical contamination has completely faded away.
You completely miss the phantom.
The phantom is severely damaged.
The dart slug launches a dart at you. The slug dart hits you.
* * * LOW HITPOINT WARNING * * *
The kobold throws a stone.
You reflect the stone off an invisible shield around you!
The stone hits the phantom but does no damage.
The phantom barely misses you. You block the ball python's attack.
The ball python misses you. The phantom barely misses you.
An endoplasm comes into view.
You closely miss the ball python. The ball python misses you.
The ball python grabs you. The ball python constricts you.
* * * LOW HITPOINT WARNING * * *
The kobold hits you with a +0 dagger of speed.
* * * LOW HITPOINT WARNING * * *
You block the phantom's attack.
You escape the ball python's grasp.
The phantom closely misses you.
The ufetubus shouts!
You hit the phantom but do no damage.
The phantom is severely damaged.
You hear an angry hiss.
The ball python bites you but does no damage.
You block the ball python's attack. The kobold closely misses you.
The ball python barely misses you. The ball python misses you.
The dart slug briefly extends its eye-stalks.
The phantom misses you.
You completely miss the phantom.
The phantom is severely damaged.
The kobold hits you with a +0 dagger of speed.
* * * LOW HITPOINT WARNING * * *
A ball python comes into view.
You block the ball python's attack. The ball python completely misses you.
The kobold hits you with a +0 dagger of speed.
* * * LOW HITPOINT WARNING * * *
The phantom barely misses you.
You closely miss the phantom.
The phantom is severely damaged.
The ball python bites you.
You die...

..#### .#.#.
............
#.#.S..#.#. #
..........# .##
..........##..###
.................
........)........
#.SW........
#?@K...w....
#..5........
#..†........
#...........
#...........
##..(.......
##.....#...
##########


You could see a phantom, a dart slug, an ufetubus, 2 ball pythons and a kobold.

Vanquished Creatures
  Jessica (D:2)
  5 adders
  2 worms (D:2)
  A dart slug (D:1)
  3 ball pythons
  6 endoplasms
  2 giant cockroaches (D:1)
  3 goblins
  3 hobgoblins
  4 jackals (D:2)
  5 kobolds
  A quokka (D:2)
  4 frilled lizards
  3 rats (D:2)
43 creatures vanquished.

Vanquished Creatures (others)
  A fulminant prism (D:3)
1 creature vanquished.

Grand Total: 44 creatures vanquished

Notes
Turn   | Place    | Note
-------+----------+-------------------------------------------
     0 | D:1      | RascalDebosk the Deep Elf Conjurer began the quest for the
                  | Orb.
     0 | D:1      | Reached XP level 1. HP: 10/10 MP: 6/6
    85 | D:1      | Found a faded altar of an unknown god.
   156 | D:1      | Reached XP level 2. HP: 15/15 MP: 4/8
   275 | D:1      | Learned a level 2 spell: Searing Ray
   282 | D:1      | Reached skill level 1 in Hexes
   829 | D:1      | Reached skill level 1 in Translocations
   829 | D:1      | Reached XP level 3. HP: 18/19 MP: 4/9
  1454 | D:2      | Found a burning altar of Makhleb.
  1462 | D:2      | Reached XP level 4. HP: 24/24 MP: 6/11
  1949 | D:2      | Learned a level 3 spell: Dazzling Flash
  1954 | D:2      | Learned a level 4 spell: Fulminant Prism
  2092 | D:2      | Noticed Jessica
  2095 | D:2      | Killed Jessica
  2336 | D:3      | Noticed a phantom
  2351 | D:3      | Slain by a ball python

Illustrated notes

Levels and vault maps discovered:
D:1:      minmay_arrival_doors, layout_basic, ebering_ecumenical_altar_webs
D:2:      layout_basic, basic_altar, kennysheep_generic_room_14, uniq_jessica
D:3:      layout_rooms

Skill      XL: |  1  2  3  4 |
---------------+-------------+-----
Hexes          | 1 2 |  2.1
Stealth        | 3 |  3.5
Translocations | 1 |  1.7
Dodging        | 3 |  3.2
Spellcasting   | 4 |  4.0
Conjurations   | |  4.8

Action                   |  1- 3 |  4- 6 || total
-------------------------+-------+-------++-------
Melee: Dagger            |     5 |     7 ||    12
 Cast: Magic Dart        |    58 |    21 ||    79
       Searing Ray       |     3 |     1 ||     4
       Fulminant Prism   |       |     1 ||     1
 Stab: Sleeping          |     1 |       ||     1
Armor: Robe              |     7 |     1 ||     8
Dodge: Dodged            |     6 |    18 ||    24
Block: Other             |     2 |     6 ||     8
       Reflection        |       |     1 ||     1
